[ AOE2 MATCH · #470279233 ]
1v1 EWJapanese vs Spanish
Player's team · LOSS
Rival team · WIN
[ REPLAY ANALYSIS · EXTRACTED FROM THE RECORDED GAME ]
Feudal
—
Castle
10:40
Imperial
—
| APM avg | 8.7 |
| APM peak | 20 |
| eAPM avg | 8.1 |
| Villagers / military | 55 / 75 |
Focus
⚔️ 40.7% · 🌾 59.3%
Spearman ×35 · Samurai ×28 · Militia ×7 · Monk ×3 · Scout Cavalry ×1 · Knight ×1
Feudal
—
Castle
10:37
Imperial
20:06
| APM avg | 14.1 |
| APM peak | 34 |
| eAPM avg | 7.4 |
| Villagers / military | 28 / 91 |
Focus
⚔️ 55.1% · 🌾 44.9%
Knight ×57 · Conquistador ×32 · Trebuchet (Packed) ×2
Match map
Resources at game start + every placement click. Thick line = wall · dashed box = detected house wall. 🟡 gold · ⚪ stone · 🟢 berries · 🔶 boar · ⭕ relic
Inputs per minute
— EliasCar - - MANCOCK
Build order — EliasCar
First 150 of 219 actions detected
| 0:06 | Research | Wheelbarrow |
| 0:44 | Research | Horse Collar |
| 1:04 | Research | Double-Bit Axe |
| 1:12 | Build | House |
| 1:38 | Research | Town Watch |
| 2:03 | Research | Gold Mining |
| 2:09 | Create | Villager (Male) |
| 2:27 | Build | House |
| 2:33 | Create | Villager (Male) |
| 2:33 | Create | Villager (Male) |
| 2:34 | Create | Villager (Male) |
| 2:45 | Create | Villager (Male) |
| 2:45 | Create | Villager (Male) |
| 3:04 | Build | Stable |
| 3:23 | Build | Mill |
| 3:29 | Create | Spearman |
| 3:29 | Create | Spearman |
| 3:29 | Create | Spearman |
| 3:29 | Create | Spearman |
| 3:47 | Build | Farm |
| 3:54 | Create | Villager (Male) |
| 3:54 | Create | Villager (Male) |
| 4:02 | Build | Farm |
| 4:09 | Build | House |
| 4:40 | Create | Villager (Male) |
| 4:40 | Create | Villager (Male) |
| 4:40 | Create | Villager (Male) |
| 4:40 | Create | Villager (Male) |
| 4:53 | Build | Farm |
| 4:58 | Build | Farm |
| 5:06 | Create | Villager (Male) |
| 5:06 | Create | Villager (Male) |
| 5:15 | Build | House |
| 5:31 | Create | Spearman |
| 5:31 | Create | Spearman |
| 5:31 | Create | Spearman |
| 5:37 | Create | Villager (Male) |
| 5:37 | Create | Villager (Male) |
| 5:56 | Build | Farm |
| 6:08 | Build | Farm |
| 6:10 | Build | Farm |
| 6:11 | Build | Farm |
| 6:13 | Build | Farm |
| 6:27 | Build | Farm |
| 6:31 | Build | Farm |
| 6:32 | Build | Farm |
| 6:35 | Build | Farm |
| 6:36 | Build | Farm |
| 6:39 | Build | Farm |
| 6:45 | Create | Villager (Male) |
| 6:46 | Create | Villager (Male) |
| 6:56 | Build | Market |
| 7:24 | Create | Villager (Male) |
| 7:56 | Research | Castle Age |
| 7:56 | Research | Castle Age |
| 8:12 | Build | Stable |
| 8:20 | Build | Barracks |
| 8:21 | Build | Barracks |
| 8:31 | Research | Man-at-Arms (upgrade) |
| 8:33 | Research | Arson |
| 8:37 | Research | Scale Mail Armor |
| 9:16 | Build | Mining Camp |
| 9:19 | Research | Stone Mining |
| 9:43 | Create | Militia |
| 9:44 | Create | Spearman |
| 9:44 | Create | Militia |
| 9:45 | Create | Spearman |
| 9:56 | Research | Bloodlines |
| 9:58 | Create | Scout Cavalry |
| 10:40 | Age | Castle Age |
| 10:46 | Research | Long Swordsman (upgrade) |
| 10:52 | Research | Pikeman (upgrade) |
| 11:03 | Research | Hand Cart |
| 11:16 | Research | Heavy Plow |
| 11:32 | Research | Gambesons |
| 11:38 | Build | Monastery |
| 11:59 | Research | Squires |
| 12:30 | Build | Town Center |
| 12:39 | Build | House |
| 12:43 | Research | Fervor |
| 12:44 | Create | Monk |
| 13:00 | Research | Town Patrol |
| 13:08 | Research | Sanctity |
| 13:11 | Create | Spearman |
| 13:12 | Create | Militia |
| 13:13 | Create | Spearman |
| 13:19 | Create | Militia |
| 13:20 | Create | Spearman |
| 13:21 | Create | Militia |
| 13:21 | Create | Spearman |
| 13:30 | Create | Villager (Male) |
| 13:30 | Create | Villager (Male) |
| 13:54 | Research | Forging |
| 14:12 | Build | House |
| 14:13 | Build | House |
| 14:16 | Build | House |
| 14:19 | Build | House |
| 14:21 | Build | House |
| 14:22 | Build | House |
| 14:35 | Research | Herbal Medicine |
| 14:49 | Create | Villager (Male) |
| 14:49 | Create | Villager (Male) |
| 14:50 | Create | Villager (Male) |
| 14:56 | Create | Villager (Male) |
| 14:56 | Create | Villager (Male) |
| 14:57 | Create | Villager (Male) |
| 14:57 | Create | Villager (Male) |
| 15:11 | Build | Farm |
| 15:12 | Build | Farm |
| 15:14 | Build | Farm |
| 15:15 | Build | Farm |
| 15:53 | Create | Monk |
| 16:10 | Research | Chain Mail Armor |
| 16:18 | Create | Villager (Male) |
| 16:18 | Create | Villager (Male) |
| 16:24 | Create | Villager (Male) |
| 16:25 | Create | Villager (Male) |
| 16:34 | Build | Farm |
| 16:38 | Build | Farm |
| 16:39 | Build | Farm |
| 17:00 | Research | Iron Casting |
| 17:39 | Build | Castle |
| 18:42 | Create | Spearman |
| 18:42 | Create | Spearman |
| 18:42 | Create | Spearman |
| 18:42 | Create | Spearman |
| 18:43 | Create | Spearman |
| 18:43 | Create | Spearman |
| 19:21 | Build | Town Center |
| 19:46 | Create | Villager (Male) |
| 19:46 | Create | Villager (Male) |
| 20:12 | Create | Spearman |
| 20:13 | Create | Spearman |
| 20:13 | Create | Spearman |
| 20:13 | Create | Spearman |
| 20:13 | Create | Spearman |
| 20:49 | Create | Villager (Male) |
| 20:50 | Create | Villager (Male) |
| 20:50 | Create | Villager (Male) |
| 21:07 | Create | Spearman |
| 21:07 | Create | Spearman |
| 21:52 | Create | Villager (Male) |
| 21:52 | Create | Villager (Male) |
| 21:52 | Create | Villager (Male) |
| 22:02 | Create | Spearman |
| 22:02 | Create | Spearman |
| 22:06 | Create | Spearman |
| 22:06 | Create | Spearman |
| 22:06 | Create | Spearman |
| 22:15 | Create | Villager (Male) |
Build order — MANCOCK
First 150 of 174 actions detected
| 0:44 | Create | Villager (Male) |
| 0:45 | Create | Villager (Male) |
| 0:45 | Create | Villager (Male) |
| 0:45 | Create | Villager (Male) |
| 1:16 | Build | Mining Camp |
| 1:19 | Research | Horse Collar |
| 1:22 | Research | Gold Mining |
| 1:49 | Create | Villager (Male) |
| 1:49 | Create | Villager (Male) |
| 2:06 | Build | Farm |
| 2:28 | Build | Farm |
| 2:42 | Create | Villager (Male) |
| 2:42 | Create | Villager (Male) |
| 2:53 | Build | Farm |
| 3:09 | Build | House |
| 3:22 | Build | Farm |
| 3:46 | Build | Farm |
| 3:49 | Build | Farm |
| 3:55 | Build | Farm |
| 4:03 | Build | Farm |
| 4:10 | Build | Farm |
| 4:12 | Build | Farm |
| 4:16 | Build | Farm |
| 4:33 | Build | Farm |
| 4:47 | Create | Villager (Male) |
| 4:48 | Create | Villager (Male) |
| 4:48 | Create | Villager (Male) |
| 5:21 | Research | Stone Mining |
| 6:33 | Build | Stable |
| 6:42 | Research | Wheelbarrow |
| 7:23 | Research | Castle Age |
| 8:18 | Research | Bloodlines |
| 8:20 | Research | Forging |
| 8:21 | Research | Scale Barding Armor |
| 8:46 | Build | Stable |
| 8:54 | Build | House |
| 8:58 | Research | Double-Bit Axe |
| 9:18 | Build | House |
| 9:30 | Build | House |
| 10:37 | Age | Castle Age |
| 10:53 | Build | Siege Workshop |
| 10:59 | Research | Husbandry |
| 11:00 | Create | Knight |
| 11:00 | Create | Knight |
| 11:00 | Create | Knight |
| 11:01 | Create | Knight |
| 11:02 | Create | Knight |
| 11:06 | Create | Knight |
| 11:07 | Create | Knight |
| 11:07 | Create | Knight |
| 11:07 | Create | Knight |
| 11:07 | Create | Knight |
| 11:08 | Create | Knight |
| 11:08 | Create | Knight |
| 11:21 | Build | Castle |
| 11:25 | Build | Farm |
| 11:26 | Build | Farm |
| 11:28 | Build | Farm |
| 11:29 | Build | Farm |
| 12:06 | Create | Villager (Male) |
| 12:07 | Create | Villager (Male) |
| 12:07 | Create | Villager (Male) |
| 12:08 | Create | Villager (Male) |
| 12:40 | Build | House |
| 12:44 | Build | House |
| 12:50 | Build | House |
| 12:55 | Build | House |
| 12:56 | Build | House |
| 13:00 | Build | House |
| 13:03 | Build | House |
| 13:08 | Build | House |
| 13:31 | Research | Chain Barding Armor |
| 13:32 | Research | Iron Casting |
| 13:52 | Create | Conquistador |
| 13:52 | Create | Conquistador |
| 13:53 | Create | Conquistador |
| 13:53 | Create | Conquistador |
| 13:54 | Create | Conquistador |
| 13:54 | Create | Conquistador |
| 14:04 | Create | Villager (Male) |
| 14:04 | Create | Villager (Male) |
| 14:05 | Create | Villager (Male) |
| 14:05 | Create | Villager (Male) |
| 14:50 | Build | Town Center |
| 15:55 | Build | Palisade Wall |
| 16:56 | Research | Imperial Age |
| 19:24 | Build | Farm |
| 19:28 | Create | Villager (Male) |
| 19:28 | Create | Villager (Male) |
| 19:28 | Create | Villager (Male) |
| 20:06 | Age | Imperial Age |
| 20:13 | Create | Trebuchet (Packed) |
| 20:13 | Create | Trebuchet (Packed) |
| 20:14 | Create | Conquistador |
| 20:14 | Create | Conquistador |
| 20:15 | Create | Conquistador |
| 20:15 | Create | Conquistador |
| 20:21 | Research | Cavalier (upgrade) |
| 20:22 | Create | Knight |
| 20:22 | Create | Knight |
| 20:22 | Create | Knight |
| 22:41 | Create | Knight |
| 22:42 | Create | Knight |
| 22:42 | Create | Knight |
| 22:42 | Create | Knight |
| 22:50 | Create | Knight |
| 22:50 | Create | Knight |
| 22:50 | Create | Knight |
| 22:50 | Create | Knight |
| 22:51 | Create | Knight |
| 22:51 | Create | Knight |
| 22:51 | Create | Knight |
| 22:51 | Create | Knight |
| 23:51 | Create | Conquistador |
| 23:51 | Create | Conquistador |
| 23:51 | Create | Conquistador |
| 23:52 | Create | Conquistador |
| 23:52 | Create | Conquistador |
| 23:53 | Create | Conquistador |
| 23:57 | Create | Villager (Male) |
| 23:57 | Create | Villager (Male) |
| 23:57 | Create | Villager (Male) |
| 23:57 | Create | Villager (Male) |
| 23:58 | Create | Villager (Male) |
| 23:58 | Create | Villager (Male) |
| 24:38 | Create | Knight |
| 24:38 | Create | Knight |
| 24:38 | Create | Knight |
| 24:39 | Create | Knight |
| 27:30 | Create | Knight |
| 27:30 | Create | Knight |
| 27:30 | Create | Knight |
| 27:30 | Create | Knight |
| 27:31 | Create | Knight |
| 27:31 | Create | Knight |
| 27:31 | Create | Knight |
| 27:32 | Create | Knight |
| 27:36 | Create | Knight |
| 27:36 | Create | Knight |
| 27:36 | Create | Knight |
| 27:37 | Create | Knight |
| 27:37 | Create | Knight |
| 27:37 | Create | Knight |
| 27:37 | Create | Knight |
| 27:42 | Create | Conquistador |
| 27:42 | Create | Conquistador |
| 28:34 | Create | Conquistador |
| 28:34 | Create | Conquistador |
| 28:34 | Create | Conquistador |
| 28:34 | Create | Conquistador |
Match timeline
| 3:04 | EliasCar · first_building Stable |
| 6:33 | MANCOCK · first_building Stable |
| 8:20 | EliasCar · first_building Barracks |
| 10:37 | MANCOCK · age_up castle |
| 10:40 | EliasCar · age_up castle |
| 10:53 | MANCOCK · first_building Siege Workshop |
| 11:21 | MANCOCK · first_building Castle |
| 11:38 | EliasCar · first_building Monastery |
| 15:55 | MANCOCK · wall_segment Palisade Wall x1 |
| 17:39 | EliasCar · first_building Castle |
| 20:06 | MANCOCK · age_up imperial |
| 24:26 | EliasCar · first_market_buy 100 food |
| 26:31 | EliasCar · first_market_sell 100 food |
| 43:34 | EliasCar · resign |
[ AI ANALYSIS · 1 CREDIT ]
What really happened in this match?
Wolo.gg analyzes every decision: build order, eco, micro, common mistakes by bracket. Personalized analysis on WhatsApp or Discord in 30 seconds.
Civ guide
Japanese
Map guide
Crownwood
Perfil
EliasCar